Map: King's Cove LE

Players

LRG

  • Race: Protoss Protoss
  • League: Diamond
  • Spawn Location: 11:00

Scout - Winner!

  • Race: Zerg Zerg
  • League: Diamond
  • Spawn Location: 5:00

VOD

Have the link to the VOD?

Description

Time

  • Played on: Jan. 27, 2019, 2:38 p.m.
  • Length: 9:37
Show
View Real Time Build Order
Export as new Build Order

LRG Protoss 

Build Orders: 1 Gate Expand, Forge Fast Expand (FFE) 

Get SALT Encoding   

  12  0:01  Probe  
  13  0:13  Probe  
  14  0:25  Probe  
  14  0:27  Pylon  
  15  0:48  Forge  
  15  0:51  Gateway  
  15  0:58  Probe  
  16  1:09  Assimilator  
  16  1:10  Probe  
  17  1:22  Probe  
  18  1:38  Nexus  
  18  1:43  Zealot  
  20  1:51  Probe  
  21  2:00  Pylon  
  21  2:03  Probe  
  22  2:15  Photon Cannon  
  22  2:25  Cybernetics Core  
  23  2:30  Probe  
  23  2:33  Assimilator  
  23  2:42  Probe  
  24  2:50  Probe  
  25  2:52  Warp Gate  
  25  2:56  Probe  
  25  3:06  Robotics Facility  
  25  3:08  Probe  
  26  3:15  Stalker  
  28  3:22  Gateway  
  28  3:26  Gateway  
  28  3:36  Probe  
  28  3:37  Probe  
  30  3:48  Probe  
  31  3:49  Probe  
  31  3:52  Adept  
  34  3:56  Protoss Ground Weapons Level 1  
  34  3:58  Observer  
  34  4:01  Pylon  
  35  4:07  Twilight Council  
  35  4:11  Adept  
  35  4:14  Adept  
  39  4:20  Probe x2  
  41  4:41  Shield Battery  
  41  4:42  Photon Cannon  
  41  4:43  Immortal  
  41  4:44  Probe x2, Pylon  
  43  4:56  Probe  
  48  5:01  Blink  
  48  5:15  Immortal  
  53  5:28  Probe x2  
  53  5:32  Assimilator  
  53  5:34  Assimilator, Pylon  
  54  5:40  Probe x2  
  56  5:49  Robotics Facility  
  56  5:50  Pylon  
  56  6:01  Probe x2  
  58  6:08  Protoss Ground Weapons Level 2  
  58  6:11  Pylon  
  58  6:13  Probe  
  58  6:14  Probe  
  58  6:17  Pylon x2  
  60  6:19  Pylon  
  60  6:21  Stalker  
  62  6:25  Probe  
  62  6:26  Probe, Stalker  
  62  6:31  Stalker  
  68  6:34  Immortal  
  68  6:41  Immortal  
  76  6:57  Probe x2  
  78  7:06  Stalker  
  78  7:07  Stalker x2  
  83  7:25  Stargate  
  83  7:26  Gateway, Stargate  
  83  7:29  Gateway  
  83  7:39  Pylon  
  83  8:07  Robotics Bay  
  83  8:09  Nexus  
  83  8:12  Phoenix  
  83  8:13  Phoenix  
  87  8:20  Templar Archives  
  87  8:22  Observer x2  
  88  9:03  High Templar x3  
  88  9:07  Archon  
  82  9:11  Zealot x2  
Show
View Real Time Build Order
Export as new Build Order

Scout Zerg - Winner!

Build Orders: Hatch First 

Get SALT Encoding   

  12  0:01  Drone  
  13  0:13  Overlord  
  13  0:18  Drone  
  14  0:31  Drone x2  
  16  0:51  Hatchery  
  16  0:55  Drone  
  16  0:58  Extractor  
  16  0:59  Drone  
  16  1:14  Spawning Pool  
  15  1:29  Drone  
  15  1:30  Drone  
  15  1:31  Drone  
  18  1:41  Overlord  
  18  1:51  Drone  
  19  2:03  Queen x2  
  23  2:09  Zergling x4  
  23  2:15  Metabolic Boost  
  25  2:20  Drone  
  26  2:23  Drone  
  27  2:30  Drone x2  
  29  2:45  Drone x3  
  32  2:55  Overlord  
  32  3:04  Hatchery  
  31  3:16  Drone x6  
  31  3:19  Drone  
  38  3:20  Drone  
  38  3:24  Drone  
  38  3:26  Overlord  
  40  3:33  Drone x2  
  42  3:37  Drone  
  42  3:38  Drone  
  44  3:41  Lair  
  44  3:47  Overlord  
  44  3:48  Drone x2  
  46  3:54  Drone x2  
  48  3:57  Drone  
  48  3:58  Drone x2  
  51  4:05  Roach Warren  
  51  4:06  Extractor x2  
  48  4:13  Overlord  
  48  4:14  Drone x2  
  50  4:24  Drone x3, Extractor  
  53  4:25  Queen  
  53  4:30  Spore Crawler  
  53  4:32  Spore Crawler  
  53  4:33  Spore Crawler  
  51  4:39  Queen  
  51  4:43  Overseer  
  53  4:46  Roach x3  
  53  4:48  Drone x4  
  63  4:55  Evolution Chamber  
  63  4:56  Drone x3  
  63  4:57  Evolution Chamber, Drone  
  63  4:59  Drone  
  66  5:00  Drone  
  67  5:10  Drone x6  
  73  5:18  Drone  
  73  5:20  Hydralisk Den  
  73  5:26  Zerg Missile Weapons Level 1  
  73  5:31  Extractor  
  73  5:33  Overlord, Extractor, Drone x2  
  73  5:34  Drone, Overlord  
  73  5:35  Overlord x2  
  74  5:46  Pneumatized Carapace  
  74  5:49  Zerg Ground Armor Level 1  
  74  5:53  Glial Reconstitution  
  74  6:02  Drone x2  
  74  6:03  Drone x7, Overlord  
  74  6:04  Overlord  
  83  6:13  Overlord, Hydralisk x2  
  83  6:14  Roach x2, Hydralisk  
  83  6:15  Roach  
  95  6:37  Hydralisk x3  
  95  6:38  Roach x5, Hydralisk x2  
  95  6:39  Roach  
  117  6:45  Hydralisk x2  
  117  6:46  Roach  
  123  6:53  Roach  
  125  6:59  Hatchery  
  124  7:03  Hydralisk x2  
  124  7:04  Roach  
  130  7:16  Overlord x2  
  130  7:17  Overlord x6  
  129  7:37  Muscular Augments  
  129  7:39  Roach, Hydralisk  
  129  7:40  Roach x5  
  143  7:52  Roach x8  
  143  7:55  Extractor  
  143  7:58  Roach, Extractor  
  159  8:05  Overlord x2  
  159  8:07  Overseer  
  159  8:17  Hydralisk  
  159  8:18  Roach, Hydralisk  
  165  8:22  Hydralisk  
  165  8:23  Roach x2  
  171  8:31  Roach, Hydralisk x4  
  171  8:32  Roach x3  
  171  8:33  Hydralisk  
  171  8:34  Roach  
  191  8:35  Roach  
  191  8:39  Ravager  
  191  8:40  Ravager x2  
  191  8:41  Hydralisk  
  198  8:52  Overlord x3  
  198  9:00  Hydralisk  
  198  9:01  Roach x2  
  185  9:04  Drone, Roach, Hydralisk  
  185  9:05  Roach  
  185  9:07  Roach, Hydralisk x2  
  185  9:08  Roach  
  185  9:09  Roach  
  194  9:10  Hydralisk  
  194  9:13  Roach  
  194  9:15  Roach  
  194  9:16  Roach  
  188  9:23  Overseer x2  
  188  9:24  Overseer  
Tags
 
Add a new tag
Caveats
  • Supply blocks, unpowered buildings, or Contaminate may cause inaccurate times.
  • Supply counts are checked every 10 seconds.